Map: Moonlight Madness LE (Void)

Players

Naemnik

  • Race: Terran Terran
  • League: Bronze

SticklerMac - Winner!

  • Race: Terran Terran
  • League: Bronze

VOD

Have the link to the VOD?

Description

Time

  • Played on: July 29, 2015, 9:57 a.m.
  • Length: 25:28
Show
View Real Time Build Order
Export as new Build Order

Naemnik Terran 

Build Orders:  

Get SALT Encoding   

  12  0:01  SCV  
  13  0:13  SCV  
  14  0:25  SCV  
  15  0:30  Supply Depot  
  15  0:35  Refinery  
  15  0:52  SCV  
  16  0:58  Barracks  
  16  1:04  SCV  
  16  1:09  Supply Depot  
  17  1:13  Engineering Bay  
  17  1:16  SCV  
  18  1:20  Refinery  
  18  1:39  Barracks  
  18  1:44  Terran Infantry Weapons Level 1  
  18  1:49  SCV  
  18  1:53  Marine  
  20  2:25  Barracks  
  20  2:28  Barracks Reactor, Barracks Tech Lab  
  20  2:41  Orbital Command  
  20  2:55  Supply Depot  
  20  3:00  Marauder  
  20  3:04  Marine  
  23  3:08  Marine  
  24  3:13  SCV  
  24  3:18  Marine  
  26  3:30  Supply Depot  
  26  3:38  Terran Infantry Armor Level 1  
  26  3:41  Barracks Reactor  
  26  3:42  Marine  
  26  3:43  Marine  
  26  3:44  Marauder  
  30  3:51  Combat Shields  
  30  3:54  Bunker  
  30  3:58  Missile Turret  
  30  4:01  SCV  
  31  4:25  Missile Turret  
  31  4:26  Marine x2  
  31  4:27  Marine x2  
  35  4:31  Marauder  
  37  4:44  SCV  
  38  4:47  Marine x2  
  38  4:48  Marine x2  
  38  4:50  Missile Turret  
  42  5:04  Missile Turret  
  42  5:18  Marine x3  
  42  5:19  Marine  
  46  5:32  Building Armor  
  46  5:33  Supply Depot, Marauder  
  48  5:40  Supply Depot  
  48  5:54  Marauder, Marine x2  
  52  6:30  Factory  
  52  6:34  Marine x2, Marauder  
  52  6:35  Marine x2  
  58  6:52  Marine x2  
  58  6:53  Marine x2  
  62  6:58  Missile Turret  
  62  7:11  Neosteel Frame  
  62  7:13  Factory Tech Lab  
  62  7:17  Stimpack  
  62  7:21  Marine x2  
  53  7:23  Marine  
  53  7:24  Marine  
  47  7:32  Missile Turret, Marauder  
  49  7:46  Marine x4  
  53  7:56  Siege Tank  
  56  8:10  Marauder  
  56  8:11  Marine x2  
  60  8:21  Marine  
  60  8:22  Marine  
  62  8:29  Marine  
  63  8:40  Marine  
  64  8:45  Marine x2  
  67  8:48  Marauder  
  67  8:49  Marine  
  68  9:03  Marine x2  
  68  9:04  Starport  
  68  9:09  Marine  
  71  9:31  Supply Depot  
  71  9:34  Marine  
  71  9:36  Marauder  
  56  9:50  Marine  
  56  9:52  Marine  
  58  9:53  Marine x2  
  58  9:57  Marauder  
  62  10:05  Supply Depot  
  62  10:08  Marine  
  62  10:11  Marine  
  62  10:12  Starport Reactor  
  64  10:24  Missile Turret  
  64  10:37  Marine x4  
  68  11:18  Command Center  
  68  11:27  Medivac x2  
  72  11:48  Marine, Marauder  
  75  11:56  Marine  
  76  12:30  Medivac  
  78  12:39  Medivac  
  80  13:28  Orbital Command  
  80  13:36  Refinery  
  80  13:40  Marine x2  
  80  13:41  Marine x2  
  84  13:57  Liberator x2  
  90  14:17  Siege Tank  
  90  14:23  Refinery  
  93  14:30  Marauder  
  93  14:31  Marine x2  
  97  14:53  Missile Turret  
  97  15:11  Marine  
  97  15:12  Marine x3  
  101  15:15  Missile Turret  
  101  15:38  Missile Turret  
  101  15:47  Marine  
  102  15:53  Siege Tank, Marine x3  
  102  15:54  Marauder  
  110  16:00  Missile Turret  
  97  17:02  Liberator x2  
  65  17:13  Marine x2  
  65  17:14  Marine x2  
  37  17:16  Marauder  
  37  17:17  Siege Tank  
  31  17:32  Marine x2  
  21  18:31  Orbital Command  
  19  19:02  SCV  
  20  19:14  SCV  
  21  19:26  SCV  
  21  19:31  Barracks  
  16  19:53  Supply Depot  
  16  20:05  Supply Depot  
  16  20:19  Marine  
  5  20:37  Marine  
Show
View Real Time Build Order
Export as new Build Order

SticklerMac Terran - Winner!

Build Orders:  

Get SALT Encoding   

  12  0:01  SCV  
  13  0:13  SCV  
  14  0:18  Supply Depot  
  14  0:25  SCV  
  15  0:40  SCV  
  15  0:42  Barracks  
  16  0:55  Refinery  
  16  0:56  SCV  
  17  1:09  Barracks  
  17  1:19  SCV  
  18  1:30  Barracks Tech Lab  
  18  1:31  SCV  
  19  1:33  Supply Depot  
  19  1:43  SCV  
  20  1:57  Barracks  
  20  2:00  SCV  
  21  2:02  Marine  
  21  2:05  Marauder  
  24  2:13  SCV  
  25  2:16  Factory  
  25  2:37  Orbital Command  
  25  2:40  Barracks Reactor  
  25  2:43  Marauder  
  26  2:45  Barracks  
  26  2:46  Marine  
  27  2:54  Refinery  
  27  3:03  Supply Depot  
  27  3:12  Marauder  
  29  3:15  Barracks Reactor  
  29  3:16  SCV  
  30  3:21  Marine  
  31  3:34  Starport  
  31  3:40  Widow Mine  
  33  3:46  SCV  
  34  3:50  Marine  
  34  3:53  Marine  
  36  3:57  Barracks Reactor  
  36  3:58  SCV  
  36  4:00  Marine  
  36  4:01  Marine  
  39  4:10  Stimpack  
  39  4:31  Supply Depot x2  
  39  4:34  Marine x2, Widow Mine  
  39  4:35  Marine, Marauder  
  39  4:36  Marine  
  47  4:53  SCV, Medivac  
  47  4:56  Supply Depot  
  50  5:02  Supply Depot  
  50  5:08  Medivac  
  50  5:13  Marine  
  53  5:16  Marine  
  53  5:19  Marine  
  55  5:25  Medivac  
  57  5:30  Marauder  
  59  5:40  Medivac  
  59  5:41  Marine  
  59  5:42  Marine  
  63  5:43  Marine  
  64  5:52  Marauder  
  66  5:57  Medivac  
  66  6:03  Marine  
  69  6:06  Marine x4  
  73  6:13  Marauder  
  75  6:18  Medivac  
  77  6:39  Marine x2  
  79  6:49  Supply Depot  
  79  6:53  Supply Depot  
  79  7:10  Marauder, Marine x5  
  67  7:28  Marine x5  
  60  7:32  Marauder  
  57  7:45  Marine x5  
  62  7:53  Marine  
  63  8:03  Marine x3  
  66  8:06  Marine x2  
  66  8:10  Marine  
  69  8:21  Marine x3  
  69  8:24  Marine  
  73  9:02  Marine x6  
  79  9:19  Marine x2  
  79  9:20  Reaper, Marine x3  
  83  9:37  Marine x3  
  52  9:55  Marine x3  
  52  9:56  Marine  
  56  10:02  Marine  
  56  10:04  Command Center  
  57  10:18  Marine x2  
  59  10:30  Engineering Bay  
  59  10:57  Raven  
  61  11:06  Marine  
  61  11:07  Marine x2  
  61  11:09  Marine  
  65  11:33  Marine x3  
  68  11:44  Orbital Command  
  68  11:48  Marine  
  68  11:49  Terran Infantry Weapons Level 1  
  68  11:53  Engineering Bay  
  69  11:58  Armory  
  69  12:00  Marine x2  
  71  12:02  Marine  
  71  12:03  Marine  
  73  12:09  Marine x2  
  73  12:10  Marine  
  76  12:18  Marine  
  76  12:20  Marine x2  
  76  12:21  Marine  
  80  12:27  Marine x3  
  83  12:36  Raven  
  85  12:39  Marine x2  
  85  12:40  Marine x2  
  89  12:45  Marine  
  90  12:59  Terran Infantry Armor Level 1  
  90  13:12  Command Center  
  90  13:16  Marine  
  90  13:17  Marine x2  
  90  13:19  Raven  
  95  13:25  Supply Depot  
  95  13:35  Supply Depot  
  95  13:41  Marine x3  
  95  13:42  Marine  
  95  13:43  Marine x2  
  101  13:57  Marine  
  101  13:59  Marine x4  
  106  14:11  Terran Infantry Weapons Level 2  
  106  14:19  Marine x3  
  106  14:20  Marine x4  
  113  14:25  Raven  
  115  14:37  Marine x3  
  115  14:38  Marine x4  
  122  14:53  Terran Infantry Armor Level 2  
  122  14:55  Marine x5  
  122  14:56  Marine  
  128  15:02  SCV x2  
  128  15:03  SCV  
  131  15:08  Raven  
  131  15:10  Marine  
  131  15:13  Marine  
  135  15:31  Marine x3  
  135  15:32  Marine x3  
  141  15:39  Supply Depot  
  141  16:00  Marine x3  
  141  16:01  Raven, Marine x2  
  141  16:02  Marine  
  141  16:03  Supply Depot  
  149  16:25  Supply Depot  
  141  16:50  Supply Depot  
  79  17:59  Marine x6  
  79  18:00  Marine  
  85  18:17  Marine x7  
  86  18:35  Marine x7  
  93  18:52  Marine  
  93  18:53  Marine x6  
  100  19:10  Marine  
  100  19:11  Marine x4  
  87  20:44  Marine  
  87  20:45  Marine x6  
  94  20:58  Medivac  
  94  21:02  Marine  
  94  21:03  Marine x6  
  103  21:20  Marine  
  104  21:39  Medivac  
  106  21:48  Marine x4  
  106  21:49  Marine  
  111  22:04  Orbital Command  
  112  23:12  Viking  
  112  23:51  Viking  
  114  24:21  Viking  
  116  24:51  Viking  
Tags
 
Add a new tag
Caveats
  • Supply blocks, unpowered buildings, or Contaminate may cause inaccurate times.
  • Supply counts are checked every 10 seconds.